 Dungeon Crawl Stone Soup version 0.25.1-2-g60ff931df9 (webtiles) character file.

Game seed: 12012291382644237716

190544 pokeman the Sorcerer (level 17, 0/94 HPs)
             Began as a Deep Elf Wizard on Oct 23, 2020.
             Was the Champion of Vehumet.
             Killed from afar by Jorgrun (43 damage)
             ... with a blast of rock fragments
             ... on level 1 of the Elven Halls on Oct 24, 2020.
             The game lasted 02:17:38 (37128 turns).

pokeman the Sorcerer (Deep Elf Wizard)             Turns: 37128, Time: 02:17:39

Health: 0/94       AC: 14    Str: 10    XL:     17   Next: 54%
Magic:  53/65      EV: 12    Int: 35    God:    Vehumet [******]
Gold:   6406       SH:  7    Dex: 13    Spells: 27/64 levels left

rFire    . . .     SeeInvis +   R - +3 long sword "Oggake" {freeze, rC+ Str+3 Int+4}
rCold    + . .     Gourm    .   l - +2 buckler
rNeg     . . .     Faith    .   V - +3 troll leather armour {Snorg}
rPois    .         Spirit   .   T - +0 helmet {SInv}
rElec    .         Reflect  .   F - scarf {+Inv}
rCorr    .         Harm     .   M - +0 pair of gloves {Str+3}
MR       +....                  H - +2 pair of boots {run}
Stlth    ++........             L - amulet of magic regeneration
HPRegen  0.65/turn              e - ring of magical power
MPRegen  0.64/turn              t - ring of magical power

@: lightly drained, quick
A: no striking features
}: 1/15 runes: barnacled
a: Renounce Religion, Evoke Invisibility


You were on level 1 of the Elven Halls.
You worshipped Vehumet.
Vehumet was exalted by your worship.
You were not hungry.

You visited 6 branches of the dungeon, and saw 29 of its levels.

You collected 7258 gold pieces.
You spent 852 gold pieces at shops.

Inventory:

Hand Weapons
 x - a +0 hand crossbow
 R - the +3 long sword "Oggake" (weapon) {freeze, rC+ Str+3 Int+4}
   (You found it on level 10 of the Dungeon)

   It has been specially enchanted to freeze those struck by it, causing extra
   injury to most foes and up to half again as much damage against particularly
   susceptible opponents.
   It can also slow down cold-blooded creatures.
   It affects your strength (+3).
   It affects your intelligence (+4).
   It protects you from cold.
Missiles
 q - 202 bolts
Armour
 l - a +2 buckler (worn)
 F - a scarf of invisibility (worn)
 G - the +2 cloak of Makhleb's Hope {-Tele rElec Dex+3 Stlth+}
   (You bought it in a shop on level 4 of the Shoals)

   It affects your dexterity (+3).
   It insulates you from electricity.
   It prevents most forms of teleportation.
   It makes you more stealthy.
 H - a +2 pair of boots of running (worn)
 M - a +0 pair of gloves of strength (worn)
 T - a +0 helmet of see invisible (worn)
 V - a +3 troll leather armour (worn) {Snorg}
Magical Staves
 o - an uncursed staff of wizardry {unknown}
Jewellery
 e - a ring of magical power (left hand)
 p - a +6 ring of dexterity
 t - a ring of magical power (right hand)
 z - an uncursed amulet of the acrobat
 K - an uncursed ring of flight
 L - an amulet of magic regeneration (around neck)
Wands
 f - a wand of clouds (17)
 j - a wand of disintegration (13)
 m - a wand of digging (5)
 r - a wand of paralysis (10)
 C - a wand of iceblast (19)
Scrolls
 a - 11 scrolls of magic mapping
 c - 2 scrolls of blinking
 g - 11 scrolls of teleportation
 h - 16 scrolls of remove curse
 k - a scroll of fear
 u - a scroll of identify
 B - a scroll of enchant weapon
 I - a scroll of enchant armour
Potions
 b - a potion of berserk rage
 i - 3 potions of magic
 s - 3 potions of haste
 v - 7 potions of curing
 w - 6 potions of heal wounds
 D - a potion of flight
Miscellaneous
 y - a box of beasts
 E - a tin of tremorstones (3/3)
 J - a phial of floods
 S - 2 phantom mirrors
Comestibles
 d - 59 rations
 n - 5 chunks of flesh


   Skills:
 + Level 6.5(6.2) Fighting
 - Level 8.1(7.8) Armour
 - Level 3.0(2.7) Dodging
 - Level 3.0(2.8) Stealth
 - Level 4.0(3.7) Shields
 * Level 24.0(23.6) Spellcasting
 * Level 19.1(18.7) Conjurations
 - Level 1.1(0.8) Charms
 - Level 1.1(0.8) Summonings
 - Level 1.1(0.8) Translocations
 + Level 13.9(13.6) Fire Magic
 - Level 1.0(0.7) Ice Magic
 - Level 2.2(2.0) Air Magic
 - Level 1.0(0.8) Earth Magic
 - Level 1.0(0.8) Poison Magic
 - Level 1.1(0.9) Evocations


You had 27 spell levels left.
You knew the following spells:

 Your Spells              Type           Power        Failure   Level  Hunger
a - Magic Dart            Conj           ####         0%          1    None
b - Mephitic Cloud        Conj/Pois/Air  #######.     1%          3    None
c - Call Imp              Summ           #####...     1%          2    None
d - Blink                 Tloc           N/A          1%          2    None
e - Conjure Flame         Conj/Fire      ########     0%          3    None
f - Fireball              Conj/Fire      ########..   1%          5    None
g - Shock                 Conj/Air       ####         0%          1    None
h - Apportation           Tloc           #####.       1%          1    None
i - Stone Arrow           Conj/Erth      ######       1%          3    None
j - Foxfire               Conj/Fire      ####         0%          1    None
k - Orb of Destruction    Conj           ########..   1%          7    None
l - Freezing Cloud        Conj/Ice/Air   #######...   1%          6    None
m - Swiftness             Chrm/Air       ######..     1%          2    None

Your spell library contained the following spells:

 Spells                   Type           Power        Failure   Level  Hunger
 Conjure Ball Lightning   Conj/Air       #######...   1%          6    None
 Searing Ray              Conj           ######       0%          2    None
 Animate Skeleton         Necr           N/A          1%          1    None
 Beastly Appendage        Tmut           #####.       1%          1    None
 Corona                   Hex            #####..      1%          1    None
 Sandblast                Erth           #####.       1%          1    None
 Summon Small Mammal      Summ           ####         1%          1    None
 Passwall                 Tmut/Erth      #####...     1%          2    None
 Slow                     Hex            #####...     1%          2    None
 Sticks to Snakes         Tmut           #####...     1%          2    None
 Dazzling Flash           Conj/Hex       ######       1%          3    None
 Spider Form              Tmut/Pois      #####.....   1%          3    None
 Fulminant Prism          Conj/Hex       #######...   1%          4    None
 Iskenderun's Mystic Bla  Conj/Tloc      #######.     1%          4    None
 Lee's Rapid Deconstruct  Erth           #####.....   4%          5    None
 Passage of Golubria      Tloc           N/A          5%          4    None
 Ice Form                 Ice/Tmut       #####...     7%          4    None
 Petrify                  Tmut/Erth      #####...     7%          4    None
 Blade Hands              Tmut           #####.....   22%         5    None
 Darkness                 Hex            #####.....   77%         6    None
 Invisibility             Hex            #####...     77%         6    None


Dungeon Overview and Level Annotations

Branches:
Dungeon (15/15)            Temple (1/1) D:5            Lair (6/6) D:10
 Shoals (4/4) Lair:4        Snake (0/4) Lair:2        Slime (0/5) Lair:5
    Orc (2/2) D:9             Elf (1/3) Orc:2        Vaults (0/5) D:14
 Depths (0/5) D:15

Altars:
Ashenzari
Dithmenos
Elyvilon
Fedhas
Gozag
Hepliaklqana
Kikubaaqudgha
Makhleb
Okawaru
Qazlal
Trog
Uskayaw
Vehumet
Wu Jian
Xom
Yredelemnul
Zin
The Shining One
Beogh
Jiyva

Shops:
D:6 !   D:14 *   Orc:2 (!(*   Shoals:4 [*=([

Portals:
Trove: D:10 (give +5 ice dragon scales)

Annotations:
D:15 2 runed translucent doors, babuloseo's ghost, adept HuHu
Elf:1 Jorgrun; Roxanne


Message History

You hear a grinding noise.
You hear a grinding noise.
Casting: Mephitic Cloud (safe; 1% risk of failure)
Confirm with . or Enter, or press ? or * to list all spells.
Aiming: Mephitic Cloud (safe; 1% risk of failure)
Press: ? - help, Shift-Dir - straight line, f/p - Jorgrun
Aim: Jorgrun, wielding a +0 vorpal quarterstaff and wearing a +1 robe (lightly wounded) That beam is likely to hit you.
Continue anyway?
The ball explodes into a vile cloud!
The stinking cloud engulfs Jorgrun but does no damage.
Jorgrun is lightly wounded.
The stinking cloud engulfs you but does no damage.
Jorgrun is engulfed in noxious fumes.
Jorgrun hits you with a +0 vorpal quarterstaff!
Unknown command.
Unknown command.
Jorgrun is engulfed in noxious fumes.
Jorgrun points at you and mumbles some strange words.
The wall shatters!
The blast of rock fragments hits you!!!
You die...

#..######'##.#####.
#..#.>.......g.....
#..#.#.#######'###.
#..#.............#.
#..#.#.............
#.°§.#...........#.
#○g#.)...#'###...#.
##.○#.#)..#...#...#.
#..@#.#...#...#...#.
##..#.#...#...#...#.
#..#.#...#...#...#
#..#.#...#...#...#
#..#.#...#...#...#
#..#.#...#...#...#
#..# #...#...# #..#
#..#


You could see Jorgrun.

Vanquished Creatures
  Mara (Shoals:4)
  Rupert (D:15)
  A kraken (Shoals:3)
  A fire giant (D:15)
  A frost giant (Shoals:4)
  A stone giant (Orc:1)
  A deep elf demonologist (Elf:1)
  Nessos (D:15)
  Azrael (D:15)
  Snorg (D:12)
  A deep elf death mage (Elf:1)
  5 merfolk javelineers
  Josephine (D:11)
  A fire dragon (Lair:6)
  An ice dragon (Lair:5)
  7 merfolk impalers
  6 ogre magi
  7 hydras
  Erica (D:9)
  A centaur warrior (D:11)
  21 two-headed ogres
  A merfolk avatar (Shoals:4)
  5 satyrs
  A dancing weapon (Elf:1)
  3 merfolk aquamancers
  2 tengu warriors
  8 death yaks
  An orc high priest (Orc:2)
  4 deep elf knights (Elf:1)
  Urug (Lair:1)
  18 sea snakes
  A wizard (D:14)
  3 unseen horrors
  A lindwurm (Lair:6)
  A lindwurm (shapeshifter) (D:10)
  A deep elf archer (Elf:1)
  12 harpies
  2 wolf spider zombies (D:15)
  10 ugly things
  An orc knight (Orc:1)
  11 deep elf magi (Elf:1)
  6 cyclopes
  16 fauns
  11 manticores
  2 oklob plants (Lair:5)
  5 black mambas (Lair:6)
  4 merfolk sirens
  4 elephants (Lair:4)
  Maurice (D:12)
  7 water nymphs
  A black mamba (shapeshifter) (D:15)
  7 torpor snails
  3 gargoyles
  9 spiny frogs
  A kobold demonologist (D:15)
  4 komodo dragons
  12 meliai
  A tengu conjurer (D:13)
  7 trolls
  10 polar bears (Lair:6)
  30 merfolk
  8 hornets (Lair:6)
  A queen bee (Lair:6)
  4 tyrant leeches (Lair:6)
  5 wind drakes
  29 blink frogs
  3 raiju (Lair:6)
  A blink frog (shapeshifter) (D:13)
  6 slime creatures
  7 dream sheep
  13 snapping turtles
  A meliai zombie (D:14)
  6 hippogriffs
  A shadow (D:12)
  A spriggan (D:9)
  11 water elementals
  A tarantella (shapeshifter) (D:14)
  3 wraiths (D:11)
  A yak (shapeshifter) (D:14)
  A basilisk (Lair:5)
  31 yaks
  3 fire elementals (D:15)
  3 hungry ghosts
  8 vampire mosquitoes
  10 wargs
  2 nagas (Lair:2)
  An acid dragon (D:13)
  12 water moccasins
  14 hell hounds
  6 porcupines
  14 orc warriors
  3 ice beasts
  2 sky beasts
  A necrophage (D:13)
  An eye of draining (D:15)
  11 black bears (Lair:6)
  5 phantoms
  24 wolves
  32 ogres
  5 centaurs
  8 crocodiles
  12 bullfrogs
  4 big kobolds
  An earth elemental (Elf:1)
  A wyvern zombie (D:13)
  A wyvern skeleton (D:13)
  8 scorpions
  43 killer bees
  6 howler monkeys (D:10)
  9 crimson imps
  3 bullfrog zombies
  2 quasits
  6 jellies
  5 centaur zombies
  7 orc priests
  3 bullfrog skeletons
  8 hounds
  4 centaur skeletons
  2 iguanas
  17 orc wizards
  7 worker ants
  A killer bee zombie (D:7)
  2 hound zombies
  A hound skeleton (D:10)
  2 worker ant zombies
  16 adders
  2 gnolls (D:8)
  8 shadow imps
  3 white imps (Lair:5)
  2 oozes
  2 adder zombies
  2 adder skeletons
  3 worms
  3 dart slugs
  7 leopard geckos
  75 orcs
  2 bat zombies (D:6)
  5 giant cockroaches
  13 goblins
  15 hobgoblins
  17 jackals
  24 kobolds
  4 quokkas
  A ball python (D:3)
  15 bats
  5 frilled lizards
  A quokka skeleton (D:8)
  7 rats
  4 bushes
  7 fungi
  12 plants
999 creatures vanquished.

Vanquished Creatures (collateral kills)
  A killer bee (D:12)
  2 orcs (D:11)
3 creatures vanquished.

Vanquished Creatures (others)
  272 foxfires
  13 fungi
  26 plants
  6 tentacles (Shoals:3)
317 creatures vanquished.

Grand Total: 1319 creatures vanquished

Notes
Turn   | Place    | Note
-------+----------+-------------------------------------------
     0 | D:1      | pokeman the Deep Elf Wizard began the quest for the Orb.
     0 | D:1      | Reached XP level 1. HP: 10/10 MP: 7/7
   199 | D:1      | Reached XP level 2. HP: 15/15 MP: 4/9
   634 | D:1      | Reached skill level 5 in Spellcasting
   904 | D:1      | Reached XP level 3. HP: 20/20 MP: 3/11
   909 | D:1      | Learned a level 3 spell: Mephitic Cloud
   912 | D:1      | Learned a level 2 spell: Call Imp
   915 | D:1      | Learned a level 2 spell: Blink
   919 | D:1      | Learned a level 3 spell: Conjure Flame
  1679 | D:2      | Reached skill level 1 in Armour
  1760 | D:2      | Reached skill level 1 in Fighting
  1889 | D:2      | Reached XP level 4. HP: 25/25 MP: 9/13
  2700 | D:2      | Reached skill level 6 in Spellcasting
  2700 | D:2      | Reached skill level 1 in Fire Magic
  2700 | D:2      | Reached skill level 1 in Air Magic
  2700 | D:2      | Reached XP level 5. HP: 29/29 MP: 5/15
  4225 | D:4      | Reached XP level 6. HP: 27/34 MP: 11/17
  4699 | D:4      | Found a shattered altar of Ashenzari.
  4963 | D:4      | Reached skill level 7 in Spellcasting
  5046 | D:4      | Reached XP level 7. HP: 6/38 MP: 19/19
  5406 | D:4      | Reached skill level 1 in Poison Magic
  5521 | D:5      | Entered Level 5 of the Dungeon
  5521 | D:5      | Found a staircase to the Ecumenical Temple.
  5529 | Temple   | Entered the Ecumenical Temple
  5545 | Temple   | Became a worshipper of Vehumet
  5677 | D:5      | Reached skill level 5 in Conjurations
  6132 | D:5      | Reached skill level 8 in Spellcasting
  6996 | D:6      | Reached XP level 8. HP: 43/44 MP: 22/22
  7106 | D:6      | Found Urcheog's Distillery.
  7116 | D:6      | Bought a potion of curing for 42 gold pieces
  7427 | D:6      | Found an ancient bone altar of Kikubaaqudgha.
  7514 | D:6      | Reached skill level 9 in Spellcasting
  7816 | D:6      | Found a bloodstained altar of Trog.
  7816 | D:6      | Found a stormy altar of Qazlal.
  7816 | D:6      | Found a shadowy altar of Dithmenos.
  7895 | D:6      | Found a hide-covered altar of Uskayaw.
  8049 | D:6      | Learned a level 1 spell: Apportation
  8174 | D:7      | Found a burning altar of Makhleb.
  8188 | D:7      | Reached * piety under Vehumet
  8188 | D:7      | Offered knowledge of Shock by Vehumet.
  8201 | D:7      | Learned a level 1 spell: Shock
  8644 | D:7      | Noticed a cyclops
  8662 | D:7      | Killed a cyclops
  8662 | D:7      | Reached skill level 10 in Spellcasting
  8662 | D:7      | Reached XP level 9. HP: 48/48 MP: 24/25
  8989 | D:7      | Reached skill level 1 in Evocations
  9031 | D:7      | Noticed a gargoyle
  9753 | D:8      | Reached skill level 1 in Shields
  9869 | D:8      | Noticed a two-headed ogre
  9892 | D:8      | Killed a two-headed ogre
  9892 | D:8      | Reached skill level 11 in Spellcasting
 10156 | D:8      | Reached skill level 5 in Fire Magic
 10171 | D:8      | Reached ** piety under Vehumet
 10177 | D:8      | Offered knowledge of Foxfire by Vehumet.
 10180 | D:8      | Learned a level 1 spell: Foxfire
 10598 | D:8      | Noticed a two-headed ogre
 10636 | D:8      | Killed a two-headed ogre
 10636 | D:8      | Reached XP level 10. HP: 40/53 MP: 23/27
 10846 | D:8      | Found an iron altar of Okawaru.
 11478 | D:9      | Found a staircase to the Orcish Mines.
 11488 | D:9      | Offered knowledge of Frozen Ramparts by Vehumet.
 11502 | D:9      | Reached skill level 12 in Spellcasting
 11589 | D:9      | Identified a +1 pair of boots of running (You found it on
                  | level 9 of the Dungeon)
 11663 | D:9      | Reached *** piety under Vehumet
 12023 | D:9      | Noticed Erica
 12340 | D:9      | Killed Erica
 12340 | D:9      | Reached skill level 10 in Conjurations
 12505 | D:9      | Found a glowing golden altar of the Shining One.
 12784 | D:10     | Entered Level 10 of the Dungeon
 12788 | D:10     | Got a masterwork long sword
 12796 | D:10     | Identified the +3 long sword "Oggake" {freeze, rC+ Str+3
                  | Int+4} (You found it on level 10 of the Dungeon)
 13047 | D:10     | Noticed an unseen horror
 13063 | D:10     | Killed an unseen horror
 13542 | D:10     | Offered knowledge of Stone Arrow by Vehumet.
 13547 | D:10     | Learned a level 3 spell: Stone Arrow
 13623 | D:10     | Found a staircase to the Lair.
 13816 | D:10     | Found a runed translucent door.
 14041 | D:10     | Identified the +2 robe of Zelys {MR+ Regen+}
 14054 | D:10     | Found a portal to a secret trove of treasure.
 14219 | D:7      | Killed a gargoyle
 14219 | D:7      | Reached skill level 13 in Spellcasting
 14219 | D:7      | Reached XP level 11. HP: 57/57 MP: 25/30
 14320 | D:10     | Noticed a sea snake
 14336 | D:10     | Noticed a deep troll
 14336 | D:10     | a sea snake changed into a deep troll
 14337 | D:10     | Noticed a lindwurm
 14337 | D:10     | a deep troll changed into a lindwurm
 14347 | D:10     | Killed a lindwurm
 14684 | D:11     | Noticed a white ugly thing
 14748 | D:11     | Killed a white ugly thing
 14929 | D:11     | Noticed a centaur warrior
 14945 | D:11     | Killed a centaur warrior
 15245 | D:11     | Reached **** piety under Vehumet
 15311 | D:11     | Noticed Josephine
 15329 | D:11     | Killed Josephine
 15712 | D:12     | Noticed Snorg
 15721 | D:12     | Noticed a red ugly thing
 15726 | D:12     | Killed a red ugly thing
 15726 | D:12     | Reached skill level 14 in Spellcasting
 15934 | D:12     | Noticed a two-headed ogre
 15944 | D:12     | Killed a two-headed ogre
 15944 | D:12     | Offered knowledge of Lightning Bolt by Vehumet.
 16032 | D:12     | Noticed Maurice
 16048 | D:12     | Killed Maurice
 16077 | D:12     | Killed Snorg
 16326 | D:12     | Reached skill level 5 in Armour
 16326 | D:12     | Reached XP level 12. HP: 62/62 MP: 32/32
 16483 | D:12     | Noticed a two-headed ogre
 16493 | D:12     | Killed a two-headed ogre
 16832 | D:12     | Reached skill level 15 in Spellcasting
 17168 | D:13     | Reached ***** piety under Vehumet
 17204 | D:13     | Offered knowledge of Sticky Flame by Vehumet.
 17767 | D:13     | Noticed a tengu warrior
 17774 | D:13     | Killed a tengu warrior
 18798 | D:14     | Reached skill level 16 in Spellcasting
 18972 | D:14     | Found a gate to the Vaults.
 19309 | D:14     | Found Letamug's Assorted Antiques.
 19330 | D:14     | Noticed a four-headed hydra
 19337 | D:14     | Killed a four-headed hydra
 19337 | D:14     | Reached XP level 13. HP: 70/70 MP: 28/35
 19818 | D:15     | Entered Level 15 of the Dungeon
 19818 | D:15     | Found a large runed translucent door.
 19818 | D:15     | Found a large runed translucent door.
 20149 | D:15     | Noticed Azrael
 20520 | Lair:1   | Entered Level 1 of the Lair of Beasts
 20694 | Lair:1   | Noticed Urug
 20717 | Lair:1   | Reached skill level 10 in Fire Magic
 20875 | Lair:1   | Killed Urug
 21171 | Lair:2   | Reached skill level 17 in Spellcasting
 21211 | Lair:2   | Found a staircase to the Snake Pit.
 21641 | Lair:2   | Reached skill level 1 in Earth Magic
 22469 | Lair:3   | Identified a scroll of acquirement
 22952 | Lair:3   | Acquired 2640 gold pieces
 23087 | Lair:4   | Found a staircase to the Shoals.
 23090 | Lair:4   | Offered knowledge of Fireball by Vehumet.
 23097 | Lair:4   | Learned a level 5 spell: Fireball
 23130 | Lair:4   | Reached skill level 18 in Spellcasting
 23415 | Lair:4   | Reached XP level 14. HP: 76/76 MP: 26/38
 23754 | Lair:4   | Reached skill level 15 in Conjurations
 23922 | Lair:4   | Reached skill level 5 in Fighting
 24571 | Lair:5   | Got a brightly glowing steel ring
 24573 | Lair:5   | Identified the cursed ring "Kocwim" {*Slow rPois rN+ MR++
                  | Int-4} (You found it on level 5 of the Lair of Beasts)
 25310 | Lair:5   | Found a viscous altar of Jiyva.
 25311 | Lair:5   | Found a staircase to the Slime Pits.
 25493 | Lair:6   | Entered Level 6 of the Lair of Beasts
 25495 | Lair:6   | Reached skill level 19 in Spellcasting
 25777 | Lair:6   | Offered knowledge of Iron Shot by Vehumet.
 26572 | Lair:6   | Reached skill level 20 in Spellcasting
 26787 | Lair:6   | Found a runed translucent door.
 27643 | Lair:6   | Reached XP level 15. HP: 66/84 MP: 34/41
 27798 | Lair:6   | Reached ****** piety under Vehumet
 28084 | Lair:6   | Offered knowledge of Orb of Destruction by Vehumet.
 28098 | Lair:6   | Learned a level 7 spell: Orb of Destruction
 28226 | Lair:6   | Reached skill level 21 in Spellcasting
 28985 | Orc:1    | Entered Level 1 of the Orcish Mines
 28998 | Orc:1    | You fall into a shaft and drop 1 floor!
 28998 | Orc:2    | Entered Level 2 of the Orcish Mines
 29007 | Orc:2    | Found a staircase to the Elven Halls.
 29007 | Orc:2    | Found Daunlepu's Antique Weapon Emporium.
 29328 | Orc:1    | Found a roughly hewn altar of Beogh.
 30098 | Orc:2    | Found Hyleusim's General Store.
 30101 | Orc:2    | Found Puteo's Antique Weapon Emporium.
 30101 | Orc:2    | Found Acaamiot's Distillery.
 30101 | Orc:2    | Found Jeumivee's Armour Emporium.
 30109 | Orc:2    | Bought a potion of curing for 39 gold pieces
 30109 | Orc:2    | Bought a potion of curing for 39 gold pieces
 30110 | Orc:2    | Bought a potion of curing for 42 gold pieces
 30110 | Orc:2    | Bought a potion of curing for 42 gold pieces
 30643 | D:15     | Noticed Nessos
 30647 | D:15     | Killed Nessos
 30847 | D:15     | Offered knowledge of Bolt of Magma by Vehumet.
 30854 | D:15     | Reached skill level 22 in Spellcasting
 31038 | D:15     | Found a staircase to the Depths.
 31038 | D:15     | Noticed a fire giant
 31042 | D:15     | Noticed Rupert
 31043 | D:15     | Killed a fire giant
 31060 | D:15     | Paralysed by Rupert for 7 turns
 31072 | D:15     | Paralysed by Rupert for 3 turns
 31076 | D:15     | Killed Rupert
 31480 | D:15     | Killed Azrael
 31569 | D:15     | Noticed babuloseo's ghost (adept HuHu)
 31883 | Shoals:1 | Entered Level 1 of the Shoals
 31893 | Shoals:1 | Reached XP level 16. HP: 85/88 MP: 23/44
 32767 | Shoals:2 | Offered knowledge of Freezing Cloud by Vehumet.
 32784 | Shoals:1 | Learned a level 6 spell: Freezing Cloud
 32865 | Shoals:2 | HP: 4/88 [poisoned by a sea snake]
 32875 | Shoals:2 | Reached skill level 1 in Ice Magic
 34015 | Shoals:3 | Noticed a kraken
 34028 | Shoals:3 | Reached skill level 23 in Spellcasting
 34028 | Shoals:3 | Killed a kraken
 34657 | Shoals:4 | Entered Level 4 of the Shoals
 34699 | Shoals:4 | Found Xoromn's Antique Armour Emporium.
 34699 | Shoals:4 | Found Tiffi's Weapon Shop.
 34825 | Shoals:3 | Offered knowledge of Conjure Ball Lightning by Vehumet.
 34885 | Shoals:4 | Bought a glowing scarf for 272 gold pieces
 34913 | Shoals:4 | Noticed Mara
 34915 | Shoals:4 | Noticed pokeman's illusion
 35000 | Shoals:4 | Reached XP level 17. HP: 87/93 MP: 19/46
 35158 | Shoals:4 | Killed Mara
 35295 | Shoals:4 | Learned a level 2 spell: Swiftness
 35297 | Shoals:4 | Found Daibby's Assorted Antiques.
 35316 | Shoals:4 | Reached skill level 1 in Charms
 35365 | Shoals:4 | Bought a polished cloak for 304 gold pieces
 35376 | Shoals:4 | Identified the +2 cloak of Makhleb's Hope {-Tele rElec
                  | Dex+3 Stlth+} (You bought it in a shop on level 4 of the
                  | Shoals)
 35498 | Shoals:4 | Found Giybostra's Jewellery Emporium.
 35519 | Shoals:4 | Bought a cursed ring of teleportation for 72 gold pieces
 35665 | Shoals:4 | Got a barnacled rune of Zot
 35750 | Shoals:4 | Found Fyliej's Antique Armour Boutique.
 36526 | Elf:1    | Entered Level 1 of the Elven Halls
 36750 | Elf:1    | Noticed Roxanne
 36815 | Elf:1    | Noticed a Hell Sentinel
 37091 | Elf:1    | Reached skill level 24 in Spellcasting
 37093 | Elf:1    | Noticed Jorgrun
 37128 | Elf:1    | Killed from afar by Jorgrun

Illustrated notes

Levels and vault maps discovered:
D:1:      minmay_arrival_four_circles, layout_basic
D:2:      cheibrodos_old_hovel, layout_basic, minmay_statues_item,
          minmay_tromino_i4
D:3:      layout_rooms
D:4:      layout_basic, ashenzari_altar_1
D:5:      layout_loops_ring, minmay_temple_entry_stoned_glass, first_ration,
          kennysheep_flooded_box
D:6:      layout_layer_cave, lemuel_zombie_altar_kikubaaqudgha, kennysheep_mini,
          gammafunk_temple_overflow_forgotten, serial_shops, nicolae_shop_trees
D:7:      layout_basic, nicolae_overflow_crystal_walls
D:8:      layout_loops_ring, okawaru_altar_gauntlet_db
D:9:      layout_loops_corners, marbit_many_paths, david_orc_2, the_bakery,
          uniq_erica
D:10:     layout_loops_ring, lair_entry_dummy, enter_trove_6, minmay_st_funbox
D:11:     layout_long_grid, uniq_josephine
D:12:     layout_cave_pods, uniq_snorg, uniq_maurice
D:13:     layout_cave_pods, st_stairs_3, chequers_serial_rivers_small_a
D:14:     layout_loops_ring, david_vaults_4, serial_shops, shop,
          nicolae_two_hexagons
D:15:     grunt_enter_depths_giant_problem, layout_irregular_city,
          corexii_corridor_pit, ebering_ghost_disaster_area, chequers_jeans,
          uniq_nessos, uniq_azrael, uniq_rupert
Temple:   dshaligram_water_room_temple
Lair:1:   layout_cave_shapes, uniq_urug
Lair:2:   layout_roguey, guppyfry_snake_entry_island
Lair:3:   layout_misc_corridors
Lair:4:   layout_loops_ring, shoals_dummy_entry
Lair:5:   layout_regular_city, dpeg_slime_entry_enclosed_altar,
          bobbens_ice_dragon_lair, serial_bayou_shore_a,
          minmay_lair_oklob_chamber, grunt_megastairs_5
Lair:6:   hangedman_lair_caniforms_friends, layout_gridlike, wormcave,
          special_room [special_room_bee], lemuel_another_geyser,
          infiniplex_staircase_pool_2
Shoals:1: layout_shoals, nicolae_shoals_dead_sea_scrolls
Shoals:2: layout_shoals, nicolae_shoals_square_sea_wall
Shoals:3: layout_shoals, nicolae_shoals_loop_pool
Shoals:4: shoals_end_grunt_ice, layout_shoals, serial_shops, shop, shop_coins,
          shop, nicolae_shop_trees, nicolae_shop_stone, uniq_mara
Orc:1:    cheibrodos_orc_bank, layout_caves, basic_altar
Orc:2:    st_orc_ogre_mass, layout_caves, serial_shops,
          nicolae_shop_overgrown_old_shop
Elf:1:    elf_arrival_001, layout_onion_city, minmay_elf_necromancy,
          minmay_misc_feat_rows, uniq_jorgrun, uniq_aizul, uniq_nikola,
          uniq_roxanne

Skill      XL: |  1  2  3  4  5  6  7  8  9 10 11 12 13 14 15 16 17 |
---------------+----------------------------------------------------+-----
Spellcasting   | 5 6 7 8 10 11 13 14 16 18 20 22 23 24 | 24.0
Armour         | 1 2 3 5 6 7 8 |  8.1
Conjurations   | 2 3 4 5 7 9 10 12 13 14 16 17 18 19 | 19.1
Fighting       | 1 2 4 6 |  6.5
Fire Magic     | 1 2 4 5 6 8 9 10 11 12 13 | 13.9
Air Magic      | 1 2 |  2.2
Dodging        | 3 |  3.0
Stealth        | 3 |  3.0
Poison Magic   | 1 |  1.0
Evocations     | 1 |  1.1
Shields        | 2 3 4 |  4.0
Earth Magic    | 1 |  1.0
Ice Magic      | 1 |  1.0
Charms         | 1 |  1.1
Summonings     | |  1.1
Translocations | |  1.1

Action                   |  1- 3 |  4- 6 |  7- 9 | 10-12 | 13-15 | 16-18 || total
-------------------------+-------+-------+-------+-------+-------+-------++-------
Melee: Unarmed           |       |    26 |       |       |    15 |       ||    41
       Flail             |       |       |    29 |       |       |       ||    29
       War axe           |       |       |    54 |    32 |       |       ||    86
       Long sword        |       |       |       |    91 |    57 |       ||   148
       Dagger            |       |       |       |    12 |       |       ||    12
 Cast: Magic Dart        |    98 |   179 |   206 |    64 |     9 |     1 ||   557
       Mephitic Cloud    |       |     3 |    18 |    51 |    21 |     5 ||    98
       Conjure Flame     |       |     3 |    19 |    60 |    12 |       ||    94
       Blink             |       |     1 |     2 |     4 |     9 |     5 ||    21
       Call Imp          |       |       |     5 |    16 |     4 |       ||    25
       Shock             |       |       |    45 |    37 |     9 |       ||    91
       Foxfire           |       |       |    18 |   114 |    21 |       ||   153
       Stone Arrow       |       |       |       |   155 |   178 |     1 ||   334
       Fireball          |       |       |       |       |   375 |   286 ||   661
       Orb of Destructio |       |       |       |       |    17 |     9 ||    26
       Freezing Cloud    |       |       |       |       |       |     2 ||     2
 Abil: Evoke Flight      |       |       |       |       |     3 |       ||     3
       Evoke Invisibilit |       |       |       |       |       |     1 ||     1
Evoke: Wand              |       |       |       |       |     3 |       ||     3
  Use: Scroll            |       |       |       |       |    31 |     1 ||    32
       Potion            |       |       |       |       |       |     2 ||     2
 Stab: Confused          |       |     1 |     3 |    11 |     6 |       ||    21
       Distracted        |       |       |       |     1 |       |       ||     1
  Eat: Chunk             |     3 |     9 |     7 |    24 |    31 |    17 ||    91
       Ration            |       |       |     3 |       |     2 |       ||     5
Armor: Leather armour    |     8 |    14 |    54 |    40 |       |       ||   116
       Troll leather arm |       |       |       |    47 |    72 |    32 ||   151
       Skin              |       |       |       |       |     1 |       ||     1
Dodge: Dodged            |     9 |    29 |   123 |   178 |   124 |    39 ||   502
Block: Buckler           |       |       |       |       |       |    22 ||    22
       Rpst.: Long sword |       |       |       |    19 |    24 |     5 ||    48
